 Dungeon Crawl Stone Soup version 0.23.0 (webtiles) character file.

Game seed: 8216798118520730387

510 marthius the Magician (level 6, -1/34 HPs)
             Began as a Deep Elf Earth Elementalist on Feb 13, 2019.
             Was an Initiate of Makhleb.
             Slain by a sky beast (6 damage)
             ... on level 6 of the Dungeon.
             The game lasted 00:29:25 (7160 turns).

marthius the Magician (Deep Elf Earth Elementalist) Turns: 7160, Time: 00:29:26

Health: -1/34      AC:  6    Str:  5    XL:     6   Next: 98%
Magic:  14/16      EV: 12    Int: 22    God:    Makhleb [......]
Gold:   395        SH:  0    Dex: 15    Spells: 12/16 levels left

rFire    . . .     SeeInvis .   e - +0 dagger
rCold    . . .     Gourm    .   (no shield)
rNeg     . . .     Faith    .   z - +0 leather armour
rPois    .         Spirit   .   (no helmet)
rElec    .         Reflect  .   D - +0 cloak
rCorr    .         Harm     .   m - +0 pair of gloves
MR       .....                  y - +0 pair of boots
Stlth    ++........             (no amulet)
HPRegen  0.11/turn              (no ring)
MPRegen  0.15/turn              (no ring)

@: drained
A: no striking features
a: Renounce Religion


You were on level 6 of the Dungeon.
You worshipped Makhleb.
Makhleb was noncommittal.
You were not hungry.

You visited 2 branches of the dungeon, and saw 7 of its levels.

You collected 395 gold pieces.

Inventory:

Hand Weapons
 e - a +0 dagger (weapon)
 k - a +0 short sword
 r - a +1 lajatang of electrocution
Missiles
 b - 119 stones (quivered)
Armour
 c - a +0 robe
 m - a +0 pair of gloves (worn)
 y - a +0 pair of boots (worn)
 z - a +0 leather armour (worn)
 D - a +0 cloak (worn)
 E - the +2 ring mail of Toas {Regen+ SInv}
   (You found it on level 6 of the Dungeon)

   It lets you see invisible.
   It increases your rate of regeneration.
Scrolls
 h - 2 scrolls of immolation
 l - a scroll of noise
 p - a scroll of amnesia {unknown}
 s - a scroll of enchant weapon {unknown}
 u - a scroll of enchant armour {unknown}
 v - a scroll of magic mapping {unknown}
 w - 2 scrolls of remove curse {unknown}
 x - a scroll of random uselessness {unknown}
Potions
 a - a potion of heal wounds
 f - a potion of lignification {unknown}
 g - 3 potions of curing
 i - a potion of agility {unknown}
 j - a potion of berserk rage {unknown}
 n - a potion of flight {unknown}
 o - a potion of ambrosia {unknown}
 q - a potion of resistance {unknown}
 t - a potion of magic {unknown}
 A - a potion of brilliance {unknown}
 B - a potion of invisibility {unknown}
 C - 2 potions of degeneration {unknown}
 F - a potion of mutation {unknown}
Comestibles
 d - 6 rations
 G - a chunk of flesh


   Skills:
 - Level 1.0(0.1) Fighting
 + Level 3.3(2.3) Short Blades
 - Level 0.4(0.0) Staves
 - Level 3.1(2.1) Dodging
 - Level 3.6(2.7) Stealth
 + Level 5.8(4.7) Spellcasting
   Level 1.1(0.2) Transmutations
 + Level 5.3(4.3) Earth Magic


You had 12 spell levels left.
You knew the following spells:

 Your Spells              Type           Power        Failure   Level  Hunger
a - Sandblast             Erth           ###...       3%          1    None
b - Stone Arrow           Conj/Erth      ##....       22%         3    ##.....

Your spell library contained the following spells:

 Spells                   Type           Power        Failure   Level  Hunger
 Passwall                 Tmut/Erth      ###.....     11%         2    None
 Petrify                  Tmut/Erth      ###.....     56%         4    ####...
 Lee's Rapid Deconstruct  Erth           ###.......   63%         5    #####..


Dungeon Overview and Level Annotations

Branches:
Dungeon (6/15)             Temple (1/1) D:4

Altars:
Ashenzari
Dithmenos
Elyvilon
Gozag
Hepliaklqana
Kikubaaqudgha
Makhleb
Sif Muna
Uskayaw
Vehumet
Xom
Yredelemnul
Zin

Annotations:
D:3 2 transporters, feelmyfire's ghost, amateur DrTm
D:5 exclusion: sky beast


Message History

The blast of sand hits the worker ant but does no damage.
b - 120 stones The worker ant misses you.
Something hits you but does no damage. The worker ant closely misses you.
Casting: Sandblast (safe; 3% risk of failure)
Confirm with . or Enter, or press ? or * to list all spells.
Aiming: Sandblast (safe; 3% risk of failure)
Press: ? - help, Shift-Dir - straight line, f/p - worker ant
Aim: a worker ant The blast of sand hits the worker ant.
The worker ant is moderately wounded.
b - 119 stones Something hits you.
Something shocks you.
* * * LOW HITPOINT WARNING * * *
The worker ant bites you.
* * * LOW HITPOINT WARNING * * *
Something hits you.
* * * LOW HITPOINT WARNING * * *
Something shocks you.
You die...

#..... #....#..##..##....#
#......#....#..'.........#
#.....##...##..#..........
#.....##...##..#..........
#..............#...##..###
#..............#...##..###
#.........a....#..........
#........[<....#..........
#........@.....#..........
#...<..........#..........
#.....##...##..###+##..##.
#...[.##...##..##..######.
#......#.......#...##..##.
#......#.......#....#...'.
#......#.......#....'...#.
#......#.......#...##..###
#......#.......#...##..##.


You could see a worker ant.

Vanquished Creatures
  5 wights (D:6)
  An orc wizard (D:4)
  2 iguanas (D:4)
  2 worker ants (D:4)
  8 adders
  2 shadow imps
  3 worms
  A dart slug (D:1)
  4 leopard geckos
  10 orcs
  A giant cockroach (D:3)
  8 goblins
  10 hobgoblins
  A quokka (D:2)
  2 ball pythons
  6 bats
  11 frilled lizards
  2 kobolds (D:3)
  6 rats
85 creatures vanquished.

Notes
Turn   | Place    | Note
-------+----------+-------------------------------------------
     0 | D:1      | marthius the Deep Elf Earth Elementalist began the quest
                  | for the Orb.
     0 | D:1      | Reached XP level 1. HP: 10/10 MP: 6/6
   290 | D:1      | Reached XP level 2. HP: 16/16 MP: 8/8
   954 | D:1      | Reached skill level 1 in Fighting
  1313 | D:2      | You fall through a shaft!
  1318 | D:3      | Reached XP level 3. HP: 20/20 MP: 10/10
  1321 | D:3      | Reached skill level 1 in Short Blades
  1881 | D:2      | Learned a level 3 spell: Stone Arrow
  1988 | D:2      | Reached XP level 4. HP: 10/25 MP: 9/11
  2429 | D:3      | Found a transporter.
  2429 | D:3      | Noticed feelmyfire's ghost (amateur DrTm)
  2482 | D:3      | Found a transporter.
  2564 | D:3      | Found a shadowy altar of Dithmenos.
  3606 | D:4      | Found a staircase to the Ecumenical Temple.
  3618 | Temple   | Entered the Ecumenical Temple
  3650 | Temple   | Became a worshipper of Makhleb the Destroyer
  3906 | D:4      | Reached XP level 5. HP: 22/29 MP: 8/13
  5071 | D:5      | Entered Level 5 of the Dungeon
  5105 | D:5      | Found a shattered altar of Ashenzari.
  5511 | D:5      | Noticed a sky beast
  5885 | D:5      | Reached XP level 6. HP: 34/34 MP: 12/15
  6398 | D:6      | Got a transparent ring mail
  6410 | D:6      | Identified the +2 ring mail of Toas {Regen+ SInv} (You
                  | found it on level 6 of the Dungeon)
  6475 | D:6      | Reached skill level 5 in Spellcasting
  6478 | D:6      | Reached skill level 5 in Earth Magic
  7124 | D:6      | Noticed a sky beast
  7160 | D:6      | Slain by a sky beast

Skill      XL: |  1  2  3  4  5  6 |
---------------+-------------------+-----
Fighting       | 1 |  1.0
Short Blades   | 1 2 3 |  3.3
Earth Magic    | 4 5 |  5.3
Dodging        | 3 |  3.1
Spellcasting   | 4 5 |  5.8
Stealth        | 3 |  3.6
Staves         | |  0.4
Transmutations | |  1.1

Action                   |  1- 3 |  4- 6 || total
-------------------------+-------+-------++-------
Melee: Unarmed           |     3 |       ||     3
       Dagger            |    92 |    48 ||   140
       Lajatang          |       |    52 ||    52
 Cast: Sandblast         |    20 |    75 ||    95
       Stone Arrow       |       |     7 ||     7
  Use: Scroll            |       |     5 ||     5
       Potion            |       |     3 ||     3
 Stab: Sleeping          |     7 |     6 ||    13
  Eat: Chunk             |     3 |    11 ||    14
       Ration            |       |     2 ||     2
Armor: Robe              |    11 |    12 ||    23
       Leather armour    |       |    18 ||    18
Dodge: Dodged            |    55 |    88 ||   143
